 Dungeon Crawl Stone Soup version 0.32-a0-705-g60f233581c (webtiles) character file.

Game seed: 6446350780888403041

324 Malificent the Firebug (level 6, 0/37 HPs)
             Began as an Octopode Fire Elementalist on Mar 14, 2024.
             Slain by Edmund
             ... wielding a +0 flail of protection
              (15 damage)
             ... on level 4 of the Dungeon.
             The game lasted 00:12:42 (3558 turns).

Malificent the Firebug (Octopode Fire Elementalist) Turns: 3558, Time: 00:12:43

Health: 0/37       AC:  1    Str:  7    XL:     6   Next: 48%
Magic:  1/11       EV: 12    Int: 19    God:
Gold:   166        SH:  0    Dex: 13    Spells: 7/12 levels left

rFire   . . .        h - +1 rapier (flame)
rCold   + . .        (no shield)
rNeg    . . .        (helmet restricted)
rPois   .            (no amulet)
rElec   .            j - ring of protection from cold
rCorr   .            (no ring)
SInv    .            (no ring)
Will    .....        (no ring)
Stlth   +++          (no ring)
HPRegen 0.26/turn    (no ring)
MPRegen 0.12/turn    (no ring)
                     (no ring)

%: no passive effects
@: no status effects
A: almost no armour, amphibious, 8 rings, camouflage 1, gelatinous body 1,
(nimble swimmer 1), tentacles
a: no special abilities


You were on level 4 of the Dungeon.
You visited 1 branch of the dungeon, and saw 4 of its levels.

You collected 166 gold pieces.

Inventory:

Hand Weapons
 h - a +1 rapier of flaming (weapon)
Jewellery
 j - a ring of protection from cold (left tentacle)
Talismans
 k - a serpent talisman
Scrolls
 b - a scroll of poison {unknown}
 c - a scroll of teleportation {unknown}
 f - a scroll of vulnerability
Potions
 a - a potion of mutation {unknown}
 d - 2 potions of curing {unknown}
 e - a potion of enlightenment {unknown}
 g - a potion of invisibility {unknown}
 i - a potion of heal wounds {unknown}
 l - 2 potions of berserk rage {unknown}


   Skills:
 + Level 0.3 Fighting
 + Level 2.4 Dodging
 + Level 3.3 Stealth
 + Level 0.4 Unarmed Combat
 * Level 3.9 Spellcasting
 * Level 2.0 Conjurations
 * Level 4.9 Fire Magic
 * Level 1.0 Air Magic


You had 7 spell levels left.
You knew the following spells:

 Your Spells              Type           Power      Damage    Failure   Level
a - Foxfire               Conj/Fire      64%        2x1d7     3%          1
b - Scorch                Fire           44%        2d6       2%          2
c - Static Discharge      Conj/Air       18%        3-4/arc   11%         2

Your spell library contained the following spells:

 Spells                   Type           Power      Damage    Failure   Level
 Inner Flame              Hex/Fire       13%        N/A       16%         3
 Volatile Blastmotes      Fire/Tloc      26%        2d12      16%         3
 Flame Wave               Conj/Fire      16%        2d7       32%         4
 Airstrike                Air            3%         2d(1-17)  65%         4
 Summon Lightning Spire   Summ/Air       5%         N/A       75%         4


Dungeon Overview and Level Annotations

Branches:
Dungeon (4/15)
 Temple: D:4-7

Altars:

Annotations:
D:4 Edmund


Innate Abilities, Weirdness & Mutations

You cannot wear most types of armour.
You are amphibious.
You can wear up to eight rings at the same time.
Your skin changes colour to match your surroundings (Stealth+).
Your rubbery body absorbs attacks. (AC +1, EV +1)
((You are camouflaged when in or above water. (Stealth+)))
You have tentacles for arms and can constrict up to eight enemies at once.


Message History

Flames lash Edmund but do no damage.
You feel sick.
Edmund hits you with a +0 flail of protection.
Okay, then.
Okay, then.
Casting: Scorch (safe; 2% risk of failure)
Confirm with . or Enter, or press ? or * to list all spells.
Flames lash Edmund.
Edmund is lightly wounded.
Edmund's fire resistance burns away.
You feel sick.
You are no longer poisoned.
Edmund barely misses you.
Casting: Scorch (safe; 2% risk of failure)
Confirm with . or Enter, or press ? or * to list all spells.
Flames lash Edmund.
Edmund is burned terribly!
Edmund is moderately wounded.
Edmund barely misses you.
Casting: Scorch (safe; 2% risk of failure)
Confirm with . or Enter, or press ? or * to list all spells.
You don't have enough magic to cast this spell.
Casting: Scorch (safe; 2% risk of failure)
Confirm with . or Enter, or press ? or * to list all spells.
You conjure some foxfire!
Edmund barely misses you.
The foxfire hits Edmund.
Edmund is burned terribly!
Edmund is heavily wounded.
The foxfire hits Edmund but does no damage.
Edmund is heavily wounded.
Edmund says, "A flail is better than a scythe, any day of the week!"
Edmund attacks as he pursues you! Edmund closely misses you.
You see here an adder corpse.
You closely miss Edmund. Your grab misses Edmund.
Edmund is heavily wounded.
Edmund barely misses you.
You hit Edmund but do no damage. Your grab misses Edmund.
Edmund is heavily wounded.
Edmund barely misses you.
You closely miss Edmund. Your grab misses Edmund.
Edmund is heavily wounded.
Edmund hits you with a +0 flail of protection! x2
You die...
Edmund says, "I'd like to see a scythe do that!"

#.# #..........
##.######......)...
#.......#..........
...###.......#..........
).....'..................
....###.......#.........^
.........................
##...#@.................
#...##@#####....#######
#.. #.# #....### #. #.#
#......## #. #.#
#.####..# #.# #. ##.##
#.# #. #..# ..# #. ##.#
..# #. #.### ##...#


You could see Edmund (combustible).

Vanquished Creatures
  Sigmund (D:4)
  A bombardier beetle (D:3)
  An iguana (D:4)
  5 adders
  A dart slug (D:4)
  7 ball pythons
  5 endoplasms
  2 giant cockroaches (D:4)
  3 goblins
  8 hobgoblins
  6 jackals
  7 kobolds
  8 quokkas
  2 bats
  3 frilled lizards
  6 rats
66 creatures vanquished.

Vanquished Creatures (others)
  84 foxfires
84 creatures vanquished.

Grand Total: 150 creatures vanquished

Notes
Turn   | Place    | Note
-------+----------+-------------------------------------------
     0 | D:1      | Malificent the Octopode Fire Elementalist began the quest
                  | for the Orb.
     0 | D:1      | Reached XP level 1. HP: 11/11 MP: 3/3
    98 | D:1      | Reached XP level 2. HP: 17/17 MP: 1/5
   299 | D:1      | Learned a level 2 spell: Scorch
   771 | D:2      | Reached XP level 3. HP: 21/21 MP: 6/6
  1111 | D:2      | Learned a level 2 spell: Static Discharge
  1823 | D:3      | Reached skill level 4 in Fire Magic
  1823 | D:3      | Reached XP level 4. HP: 11/27 MP: 0/7
  2864 | D:4      | Reached XP level 5. HP: 31/31 MP: 3/9
  3299 | D:4      | Noticed Sigmund
  3328 | D:4      | Killed Sigmund
  3329 | D:4      | Reached skill level 1 in Air Magic
  3329 | D:4      | Reached XP level 6. HP: 14/37 MP: 3/11
  3550 | D:4      | Noticed Edmund
  3558 | D:4      | Slain by Edmund

Illustrated notes

Levels and vault maps discovered:
D:1:      dpeg_arrival_round_c, layout_rooms, minmay_misc_feat_hallway,
          minmay_pentomino_v2
D:2:      layout_loops_corners
D:3:      layout_basic
D:4:      minmay_skewed_foursquare, layout_basic, tso_metal_star, uniq_sigmund,
          uniq_edmund

Skill      XL: |  1  2  3  4  5 |
---------------+----------------+-----
Stealth        | 3 |  3.3
Fire Magic     | 4 |  4.9
Spellcasting   | 3 |  3.9
Conjurations   | 2 |  2.0
Air Magic      | 1 |  1.0
Fighting       | |  0.3
Dodging        | |  2.4
Unarmed Combat | |  0.4

Action                     |  1- 3 |  4- 6 || total
---------------------------+-------+-------++-------
  Melee: Unarmed           |    30 |    20 ||    50
         Constrict         |    11 |     7 ||    18
         Tentacles         |     8 |     7 ||    15
         Punch             |     1 |       ||     1
         Rapier            |       |    13 ||    13
   Cast: Foxfire           |    38 |    21 ||    59
         Scorch            |     6 |    20 ||    26
    Use: Potion            |     1 |       ||     1
         Scroll            |       |     4 ||     4
   Stab: Sleeping          |     2 |     2 ||     4
 Armour: Skin              |    23 |    20 ||    43
  Dodge: Dodged            |    39 |    34 ||    73

Table legend: (Time is in decaauts)
 A = Elapsed time spent in this place.
 B = Non-inter-level travel time spent in this place.
 C = Inter-level travel time spent in this place.
 D = Time resting spent in this place.
 E = Time spent auto-exploring this place.
 F = Levels seen in this place.
 G = Mean time per level.
                   A        B        C        D        E       F      G
               +--------+--------+--------+--------+--------+-----+--------+
         Total |   3559 |   3466 |     93 |    586 |   2196 |   4 |  889.8 |
       Dungeon |   3559 |   3466 |     93 |    586 |   2196 |   4 |  889.8 |
               +--------+--------+--------+--------+--------+-----+--------+

Top non-repeatable levels by time:
     D:3: 1144 daAuts
     D:2: 1093 daAuts
     D:1: 676 daAuts
     D:4: 645 daAuts
